Map: Ever Dream LE

Players

Reynor

  • Race: Zerg Zerg
  • League: Master
  • Spawn Location: 7:00

HeroMarine - Winner!

  • Race: Terran Terran
  • League: Master
  • Spawn Location: 1:00

Event: Shopify TSL 5

VOD

Have the link to the VOD?

Description

Time

  • Played on: May 17, 2020, 3:02 p.m.
  • Length: 18:04

All games in this series

Show
View Real Time Build Order
Export as new Build Order

Reynor Zerg 

Build Orders: Hatch First 

Get SALT Encoding   

  12  0:00  Drone  
  13  0:12  Overlord  
  13  0:16  Drone  
  14  0:31  Drone x2  
  16  0:49  Hatchery  
  15  0:51  Drone  
  15  0:55  Drone  
  17  0:57  Drone  
  18  1:08  Extractor  
  17  1:12  Spawning Pool  
  17  1:16  Drone  
  17  1:19  Drone  
  18  1:28  Drone  
  19  1:38  Drone  
  20  1:49  Overlord  
  20  2:00  Queen  
  20  2:01  Zergling x4, Queen  
  26  2:10  Drone  
  26  2:11  Drone  
  28  2:21  Drone  
  30  2:22  Drone  
  30  2:24  Metabolic Boost  
  30  2:34  Spore Crawler  
  29  2:39  Hatchery  
  29  2:40  Drone  
  29  2:42  Drone  
  31  2:47  Queen  
  33  2:52  Overlord  
  33  2:54  Drone  
  33  2:57  Drone  
  35  3:00  Drone  
  36  3:09  Overlord  
  36  3:12  Drone x3  
  39  3:13  Drone  
  40  3:22  Drone x2  
  40  3:23  Queen  
  44  3:28  Drone  
  44  3:29  Drone  
  44  3:32  Queen  
  48  3:38  Zergling x2  
  48  3:40  Drone  
  50  3:44  Zergling x4  
  50  3:45  Overlord  
  52  3:50  Baneling Nest  
  52  3:51  Drone  
  52  3:52  Drone  
  53  3:56  Drone x3  
  53  3:57  Drone  
  53  4:01  Overlord  
  57  4:05  Zergling x2  
  58  4:11  Lair  
  58  4:18  Overlord, Extractor  
  58  4:19  Queen  
  58  4:20  Zergling x4  
  58  4:21  Drone x3  
  58  4:23  Drone  
  65  4:26  Drone  
  65  4:30  Spore Crawler, Drone  
  65  4:31  Spore Crawler  
  65  4:32  Drone  
  65  4:37  Zergling x2  
  65  4:38  Overlord  
  67  4:39  Drone x2  
  67  4:40  Drone  
  70  4:46  Overlord  
  70  4:48  Baneling x3  
  70  4:52  Drone  
  70  4:53  Zergling x4, Spore Crawler  
  70  4:59  Drone x3  
  70  5:00  Drone  
  70  5:02  Drone  
  70  5:05  Drone x2  
  70  5:07  Drone  
  75  5:13  Overseer  
  75  5:15  Drone x4  
  75  5:16  Drone  
  80  5:22  Zergling x4  
  82  5:28  Baneling x7  
  82  5:34  Zergling x10  
  86  5:36  Zergling x2  
  86  5:37  Zergling x8  
  86  5:41  Queen  
  82  5:50  Zergling x12  
  83  5:58  Drone x2  
  83  6:02  Drone  
  82  6:07  Drone  
  82  6:10  Drone  
  83  6:12  Centrifical Hooks, Drone  
  83  6:15  Extractor  
  83  6:19  Drone  
  83  6:21  Drone  
  83  6:24  Evolution Chamber  
  83  6:25  Evolution Chamber, Drone  
  84  6:30  Drone  
  84  6:31  Drone  
  86  6:34  Zergling x6  
  86  6:35  Overlord  
  86  6:39  Hatchery  
  84  6:40  Drone  
  84  6:44  Drone  
  79  6:48  Drone  
  79  6:50  Drone  
  79  6:54  Drone  
  81  6:57  Drone  
  81  6:59  Drone  
  82  7:01  Drone x3  
  82  7:02  Drone x3  
  82  7:04  Zerg Ground Armor Level 1  
  82  7:05  Zerg Melee Weapons Level 1  
  82  7:06  Drone x2  
  85  7:15  Drone  
  82  7:18  Drone  
  82  7:19  Drone  
  82  7:20  Extractor x2  
  82  7:22  Drone  
  83  7:26  Zergling x2  
  83  7:28  Zergling x6  
  83  7:29  Zergling x2  
  88  7:32  Drone x2  
  90  7:37  Zergling x2  
  90  7:38  Zergling x2  
  90  7:39  Drone  
  90  7:42  Evolution Chamber  
  86  7:47  Drone x3  
  86  7:48  Drone x2  
  83  7:52  Extractor  
  83  7:53  Drone x2  
  83  7:54  Spire  
  83  7:57  Drone x3  
  85  8:02  Drone x4  
  85  8:05  Drone x3  
  93  8:08  Overlord  
  93  8:09  Drone  
  93  8:12  Drone  
  95  8:14  Drone  
  96  8:21  Baneling x2  
  96  8:22  Overlord x2, Baneling x3  
  96  8:24  Overlord  
  96  8:27  Zergling x2  
  97  8:29  Zergling x12  
  97  8:33  Baneling x7  
  97  8:34  Zergling x2  
  104  8:35  Pneumatized Carapace  
  104  8:42  Zergling x6  
  107  8:49  Zergling x10  
  107  8:50  Zergling x2, Baneling  
  107  8:51  Baneling x4  
  107  8:53  Drone x4  
  117  9:00  Hatchery  
  116  9:04  Zerg Ground Armor Level 2, Zerg Melee Weapons Level 2  
  116  9:05  Zergling x2  
  116  9:06  Zergling x16  
  125  9:12  Spire  
  125  9:14  Zergling x8  
  127  9:23  Zergling x8  
  127  9:27  Overlord  
  127  9:30  Zergling x4  
  126  9:35  Overlord  
  126  9:38  Zergling x2  
  126  9:41  Baneling x5  
  126  9:45  Baneling x4  
  127  9:46  Zergling x16  
  127  9:49  Overseer  
  135  9:55  Overlord  
  135  9:57  Zergling x22  
  135  9:59  Zergling x10  
  141  10:01  Zergling x2  
  141  10:03  Overseer  
  129  10:09  Zergling x4  
  123  10:17  Baneling x6  
  121  10:21  Queen  
  121  10:23  Mutalisk  
  121  10:24  Mutalisk x8  
  121  10:27  Drone x4  
  131  10:30  Zergling x4  
  131  10:32  Mutalisk  
  130  10:38  Mutalisk  
  130  10:42  Drone x5  
  131  10:43  Drone x2  
  131  10:48  Baneling x7  
  132  10:52  Drone x3  
  132  10:55  Baneling x3  
  135  11:00  Baneling x4  
  135  11:01  Zergling x6  
  138  11:05  Baneling x4  
  138  11:07  Zergling x6  
  138  11:09  Drone x2  
  138  11:10  Drone  
  144  11:14  Overlord  
  144  11:18  Mutalisk x2  
  144  11:22  Zergling x2  
  144  11:30  Zergling x2  
  144  11:31  Zergling x12  
  146  11:36  Zergling x4  
  146  11:37  Zergling x14  
  146  11:39  Queen  
  141  11:44  Zergling x6  
  141  11:45  Zergling x2  
  135  11:47  Mutalisk  
  135  11:49  Baneling x10  
  135  11:53  Mutalisk x2  
  141  11:55  Zergling x6  
  141  11:56  Baneling x2  
  141  12:00  Drone  
  141  12:01  Drone x4  
  144  12:02  Zergling x2  
  144  12:04  Baneling x5  
  144  12:05  Zergling x2  
  143  12:09  Mutalisk  
  143  12:13  Drone x6  
  151  12:23  Zergling x8  
  151  12:25  Baneling x6  
  151  12:27  Zergling x6  
  158  12:30  Overlord, Baneling x8  
  158  12:34  Zergling x6  
  158  12:38  Zergling x2  
  158  12:39  Zergling x6  
  157  12:45  Overlord  
  157  12:49  Zerg Flyer Weapons Level 1, Mutalisk  
  157  12:50  Hatchery, Mutalisk  
  160  12:52  Zergling x10  
  160  12:54  Overlord  
  165  13:00  Infestation Pit, Drone x2, Extractor  
  165  13:02  Overlord  
  165  13:11  Baneling x2  
  168  13:12  Zergling x6  
  168  13:13  Zergling x22  
  168  13:14  Baneling x10  
  179  13:20  Zergling x2  
  179  13:21  Zergling x6  
  179  13:25  Zergling x12  
  180  13:39  Zergling x22  
  188  13:42  Hive  
  188  13:45  Overlord  
  188  13:46  Zergling x6  
  189  13:49  Baneling x10  
  189  13:52  Overlord  
  189  13:58  Overlord  
  189  14:06  Zergling x12  
  189  14:07  Baneling  
  189  14:08  Baneling x11  
  195  14:15  Zergling x8  
  199  14:17  Overseer  
  199  14:23  Baneling x16  
  199  14:30  Mutalisk  
  176  14:32  Drone x7  
  176  14:33  Zergling x24  
  176  14:34  Extractor  
  176  14:35  Extractor  
  176  14:36  Baneling  
  176  14:37  Baneling x5  
  193  14:40  Zergling x12  
  193  14:44  Zergling x2  
  200  14:49  Overlord  
  195  15:00  Zergling x10  
  189  15:08  Extractor  
  189  15:10  Zergling x34  
  189  15:12  Zerg Melee Weapons Level 3, Zerg Ground Armor Level 3  
  187  15:15  Zergling x8, Ultralisk Cavern  
  187  15:17  Queen  
  187  15:19  Zergling x4  
  187  15:20  Queen  
  184  15:22  Zergling x6  
  184  15:24  Zergling x6  
  184  15:27  Zergling x2  
  167  15:32  Corruptor x2  
  167  15:35  Zergling x4  
  157  15:39  Corruptor  
  157  15:40  Zergling x16  
  151  15:46  Adrenal Glands  
  148  15:50  Drone x5  
  148  15:51  Drone  
  148  15:53  Corruptor  
  148  15:54  Zergling x6  
  148  15:55  Queen  
  152  16:10  Ultralisk  
  152  16:11  Chitinous Plating  
  154  16:13  Zergling x18  
  154  16:16  Baneling x7  
  158  16:27  Hatchery  
  158  16:31  Queen  
  156  16:42  Zergling x14, Ultralisk x2  
  175  16:49  Drone x3  
  168  17:03  Zergling x12, Baneling x7  
  168  17:04  Zergling x2  
  168  17:05  Hatchery  
  159  17:11  Zergling x2  
  159  17:12  Zergling x14  
  146  17:18  Baneling x5  
  146  17:19  Zergling x8  
  140  17:24  Baneling x6  
  140  17:25  Zergling x4  
  140  17:26  Zergling x10  
  140  17:29  Baneling x3  
  143  17:32  Zergling x2  
  130  17:39  Zergling x6  
  122  17:45  Zergling x4  
Show
View Real Time Build Order
Export as new Build Order

HeroMarine Terran - Winner!

Build Orders: 2 Factory, Hellion Opening, Reaper Expand 

Get SALT Encoding   

  12  0:00  SCV  
  13  0:13  SCV  
  14  0:17  Supply Depot  
  14  0:25  SCV  
  15  0:38  SCV  
  15  0:39  Barracks  
  16  0:43  Refinery  
  16  0:50  SCV  
  17  1:02  SCV  
  18  1:15  SCV  
  19  1:27  Reaper, Orbital Command  
  20  1:39  Command Center  
  20  1:48  Supply Depot  
  20  1:52  SCV  
  21  1:59  Marine  
  22  2:05  SCV  
  22  2:07  Factory  
  23  2:12  Refinery  
  23  2:17  SCV  
  23  2:19  Barracks Reactor  
  24  2:29  SCV  
  25  2:41  SCV  
  26  2:50  Factory  
  26  2:53  SCV, Orbital Command  
  27  3:02  Hellion  
  27  3:03  Hellion, Marine  
  27  3:05  SCV  
  33  3:08  Starport  
  33  3:17  SCV  
  33  3:19  SCV  
  35  3:25  Hellion x2  
  39  3:29  SCV  
  39  3:31  SCV  
  41  3:35  Supply Depot, Factory Tech Lab  
  41  3:41  SCV  
  41  3:43  SCV, Barracks Tech Lab  
  41  3:45  Medivac  
  45  3:54  SCV  
  46  3:56  SCV  
  46  3:57  Hellion x2  
  46  3:58  Supply Depot  
  46  4:01  Supply Depot  
  51  4:03  Infernal Pre-Igniter  
  51  4:08  Hellion  
  53  4:20  Hellion x2  
  57  4:27  SCV x2, Armory  
  57  4:30  Hellion  
  61  4:32  Supply Depot  
  61  4:41  Hellion x2  
  61  4:43  Medivac  
  67  4:52  Hellion  
  69  4:56  Supply Depot  
  69  5:02  Hellion x2  
  69  5:05  SCV x2  
  75  5:08  Supply Depot  
  75  5:13  Hellion  
  77  5:17  Liberator  
  80  5:24  Hellion x2  
  80  5:27  SCV x2  
  86  5:35  Hellion  
  88  5:38  Command Center  
  88  5:39  SCV x2  
  86  5:45  Hellion x2  
  86  5:48  Hellion  
  86  5:49  Hellion x2  
  76  5:50  Stimpack  
  76  5:51  Engineering Bay  
  76  5:52  SCV  
  76  5:56  Engineering Bay  
  71  6:01  Hellion  
  69  6:04  SCV  
  69  6:05  SCV  
  69  6:07  Hellion  
  69  6:11  Hellion  
  69  6:18  SCV x2  
  71  6:22  Terran Infantry Weapons Level 1, Barracks, Terran Infantry Armor Level 1  
  71  6:25  Starport Reactor  
  71  6:34  Hellion  
  71  6:36  Barracks  
  71  6:37  SCV x2  
  71  6:38  Hellion, Barracks  
  73  6:47  Hellion  
  73  6:49  SCV x2  
  70  6:58  Refinery x2  
  70  7:01  SCV x2  
  64  7:07  Supply Depot, Marine  
  66  7:09  Starport Reactor  
  66  7:10  Factory Reactor  
  66  7:13  SCV x2  
  66  7:14  Orbital Command  
  68  7:20  Hellion  
  70  7:25  SCV x2, Marine, Barracks  
  70  7:26  Barracks Reactor  
  70  7:27  Barracks  
  73  7:33  Combat Shield  
  73  7:34  Marine x3  
  73  7:35  Marine  
  77  7:37  SCV  
  77  7:38  SCV  
  77  7:43  Marine  
  76  7:49  SCV  
  76  7:50  SCV  
  78  7:52  Marine x3  
  78  7:53  Drilling Claws, Marine  
  78  7:54  Medivac x2  
  78  7:56  Widow Mine x2  
  78  7:57  SCV, Widow Mine  
  93  8:01  Marine  
  96  8:06  Marine x2  
  96  8:09  Marine  
  96  8:10  Marine  
  98  8:13  Barracks Reactor, Command Center  
  98  8:17  Refinery, Marine x2  
  98  8:18  Barracks Reactor  
  100  8:23  SCV x3, Marine  
  100  8:24  Medivac x2, Marine x2  
  110  8:27  Marine  
  110  8:33  Marine  
  112  8:34  Marine  
  112  8:35  Widow Mine x3, Marine  
  112  8:40  Terran Infantry Weapons Level 2  
  120  8:41  Marine  
  120  8:42  Marine  
  120  8:45  Supply Depot  
  120  8:46  Supply Depot, Terran Infantry Armor Level 2  
  120  8:47  Marine x2  
  124  8:50  Marine  
  124  8:55  Supply Depot  
  125  9:07  Medivac x2, Marine x8  
  136  9:19  Marine  
  136  9:20  Marine x2, Thor  
  136  9:21  Widow Mine  
  136  9:22  Widow Mine  
  146  9:25  Marine x8  
  153  9:37  Medivac, Marine x3  
  158  9:42  Marine x3  
  158  9:43  Marine, Widow Mine  
  164  9:58  Marine x4  
  164  9:59  Widow Mine, Marine x2  
  164  10:00  Marine  
  164  10:01  Marine x4  
  164  10:04  Widow Mine x2  
  153  10:12  Medivac  
  151  10:16  Planetary Fortress, Marine x4  
  151  10:17  Marine x2  
  151  10:18  Marine x2  
  151  10:19  Marine x3  
  151  10:20  Widow Mine  
  160  10:25  Widow Mine  
  160  10:26  SCV x2, Widow Mine  
  160  10:27  SCV  
  161  10:34  Marine x4  
  162  10:38  SCV x2  
  162  10:39  SCV, Marine x2  
  162  10:42  Marine  
  164  10:50  Marine  
  164  10:52  Marine x2  
  164  10:53  Marine x2  
  164  10:54  Barracks x2  
  164  10:55  Missile Turret, Barracks  
  164  10:58  Missile Turret  
  164  10:59  Marine x2  
  164  11:00  Widow Mine x2  
  170  11:05  SCV x2, Missile Turret  
  172  11:13  Missile Turret  
  172  11:22  SCV, Marine x7  
  172  11:23  SCV, Marine  
  172  11:24  Widow Mine x2  
  168  11:27  Thor  
  168  11:28  Marine x2  
  168  11:31  Marine  
  171  11:39  Marine x5  
  136  11:40  SCV x3, Marine x3  
  136  11:45  Marine  
  136  11:46  Marine  
  144  11:49  Marine  
  144  11:52  SCV x2  
  144  11:53  Terran Infantry Weapons Level 3  
  136  11:57  Marine x4  
  136  11:58  Terran Infantry Armor Level 3  
  140  12:12  Widow Mine x2  
  140  12:13  Barracks Tech Lab x3  
  145  12:18  Marauder, Marine x2  
  145  12:20  Command Center, Widow Mine, Marine x2  
  149  12:27  Marine x3  
  149  12:28  Marine x2  
  149  12:29  Marine, Sensor Tower  
  155  12:31  Marine x2  
  155  12:32  Marine  
  155  12:34  Widow Mine x2  
  155  12:36  Marine x2  
  164  12:38  Marine  
  164  12:40  Marauder  
  164  12:41  Concussive Shells  
  167  12:49  Marauder x2  
  167  12:51  Sensor Tower  
  171  12:58  Supply Depot x2  
  171  13:00  Supply Depot  
  171  13:01  Terran Vehicle And Ship Armor Level 1  
  171  13:02  Marauder x2  
  171  13:04  Command Center  
  175  13:09  Medivac x2  
  179  13:20  Marauder x2  
  179  13:23  Marauder x2, Marine  
  179  13:25  Marine x2  
  182  13:31  Marine x2  
  182  13:33  Marine x2  
  184  13:34  Marine x2  
  184  13:35  Marine  
  184  13:40  Marine  
  185  13:41  Marauder x2  
  185  13:43  Marine x2  
  185  13:45  Marauder x2  
  193  13:49  Marine x2  
  193  13:50  Marine  
  193  13:51  Marine  
  193  13:52  SCV x3  
  193  13:54  SCV  
  200  13:58  Marine x2  
  200  14:00  Marine x2  
  200  14:01  Missile Turret  
  200  14:03  Missile Turret  
  200  14:05  Missile Turret  
  200  14:09  Missile Turret  
  200  14:21  Missile Turret, Marine  
  200  14:22  Missile Turret  
  200  14:29  Planetary Fortress  
  200  14:30  Marauder  
  200  14:55  Marine  
  200  14:58  Marauder  
  196  15:02  Marauder, Marine x2  
  196  15:04  Marauder  
  196  15:06  Terran Vehicle And Ship Armor Level 2  
  193  15:09  Marine x3  
  193  15:10  Marauder  
  193  15:12  Command Center  
  193  15:13  Widow Mine  
  200  15:19  Marauder  
  198  15:23  Marauder  
  198  15:26  Marine x2  
  198  15:31  Medivac x2  
  198  15:33  Widow Mine x2  
  198  15:35  Marauder  
  185  15:40  Marauder  
  185  15:41  Marauder, Marine x3  
  167  15:45  Marauder, Marine  
  167  15:46  Marine x2  
  164  15:50  Widow Mine  
  164  15:52  Marine  
  164  15:55  Widow Mine x2  
  164  15:56  Marauder  
  171  15:59  Marine x2  
  171  16:01  Medivac x2  
  171  16:02  Marauder x2  
  179  16:11  Widow Mine  
  179  16:12  Marauder  
  179  16:13  Marine  
  179  16:14  Marine  
  179  16:16  Marine x3  
  179  16:17  Marauder  
  188  16:20  Marine  
  188  16:25  Marine x5  
  187  16:26  Marine  
  187  16:31  Liberator x2  
  187  16:32  Orbital Command  
  195  16:33  Orbital Command  
  195  16:34  SCV  
  197  16:43  Marine x2  
  197  16:46  SCV  
  198  16:50  Missile Turret  
  198  16:52  Marine  
  198  16:53  Missile Turret  
  198  16:56  Marine  
  190  17:03  Marauder  
  181  17:10  Marauder x2  
  181  17:14  Marauder  
  181  17:15  Marine x5  
  187  17:21  Marine x2  
  187  17:22  Marine  
  190  17:24  Marauder  
  190  17:29  Widow Mine x2  
Tags
 
Add a new tag
Caveats
  • Supply blocks, unpowered buildings, or Contaminate may cause inaccurate times.
  • Supply counts are checked every 10 seconds.